 Dungeon Crawl Stone Soup version 0.30-a0-1075-gcd70e7a56d (webtiles) character file.

Game seed: 6147810728533844118

197154 LustLizard the Scorcher (level 17, -8/90 HPs)
             Began as a Deep Elf Air Elementalist on Apr 14, 2023.
             Was the Champion of Hepliaklqana.
             Mangled by a spark wasp (20 damage)
             ... on level 2 of the Lair of Beasts.
             The game lasted 01:43:05 (40410 turns).

LustLizard the Scorcher (DEAE)                     Turns: 40410, Time: 01:43:06

Health: -8/90      AC: 21    Str: 12    XL:     17   Next: 77%
Magic:  12/45      EV: 18    Int: 29    God:    Hepliaklqana [******]
Gold:   210        SH: 16    Dex: 20    Spells: 11/42 levels left

rFire   + + +      SeeInvis .    g - staff of air "Perhad Xela" {rElec rF+ MP+9 Str+2}
rCold   . . .      Faith    .    p - +4 kite shield {AC+3}
rNeg    . . .      Spirit   .    R - +2 robe {Archmagi}
rPois   +          Reflect  .    I - +2 helmet {Int+3}
rElec   +          Rampage  .    Z - +2 cloak {Will+}
rCorr   .          Archmagi +    U - +2 pair of gloves "Cullol" {rF+ Str+3 Int-5 Dex+3}
Will    ++...                    r - +0 pair of boots
Stlth   +++                      Y - amulet of magic regeneration
HPRegen 0.35/turn                f - ring "Hooklil" {+Blink rF+ AC+4 Int+4 Dex+2}
MPRegen 0.69/turn                F - ring of poison resistance

@: invisible
A: reduced essence
}: 1/15 runes: barnacled
a: Renounce Religion, Evoke Blink, Recall Ancestor, Ancestor Identity,
Transference, Idealise


You were on level 2 of the Lair of Beasts.
You worshipped Hepliaklqana.
Hepliaklqana was exalted by your worship.
You visited 6 branches of the dungeon, and saw 28 of its levels.
You also visited: Volcano.

You collected 2626 gold pieces.
You spent 2416 gold pieces at shops.

Inventory:

Missiles
 l - 9 throwing nets
Armour
 p - a +4 kite shield of protection (worn)
 r - a +0 pair of boots (worn)
 I - a +2 helmet of intelligence (worn)
 R - a +2 robe of the Archmagi (worn)
 U - the +2 pair of gloves "Cullol" (worn) {rF+ Str+3 Int-5 Dex+3}
   (You acquired it on level 13 of the Dungeon)

   Str:       It affects your strength (+3).
   Int:       It affects your intelligence (-5).
   Dex:       It affects your dexterity (+3).
   rF:        It protects you from fire.
 Z - a +2 cloak of willpower (worn)
Magical Staves
 g - the staff of air "Perhad Xela" (weapon) {rElec rF+ MP+9 Str+2}
   (You found it on level 1 of the Shoals)

   [staff of air]

   Base accuracy: +5 Base damage: 5 Base attack delay: 1.2 This weapon's minimum
   attack delay (0.6) is reached at skill level 12.
   Str:       It affects your strength (+2).
   rF:        It protects you from fire.
   rElec:     It insulates you from electricity.
   MP:        It affects your magic capacity (+9).
   It falls into the 'Staves' category.
   It is a one-handed weapon.
Jewellery
 f - the ring "Hooklil" (left hand) {+Blink rF+ AC+4 Int+4 Dex+2}
   (You bought it in a shop on level 2 of the Orcish Mines)

   [ring of protection]

   AC:        It affects your AC (+4).
   Int:       It affects your intelligence (+4).
   Dex:       It affects your dexterity (+2).
   rF:        It protects you from fire.
   +Blink:    It lets you blink.
 h - the amulet "Diodijue" {Rampage Regen+}
   (You found it on level 1 of the Lair of Beasts)

   [amulet of regeneration]

   Regen:     It increases your rate of health regeneration.
   Rampage:   It bestows one free step when moving towards enemies.
 i - a ring of wizardry
 o - a ring of magical power
 t - a ring of positive energy
 F - a ring of poison resistance (right hand)
 H - a ring of flight
 L - a ring of protection from fire
 M - a ring of ice
 X - a +4 ring of protection
 Y - an amulet of magic regeneration (around neck)
Wands
 a - a wand of light (12)
 d - a wand of flame (68)
 A - a wand of charming (29)
 B - a wand of roots (17)
 D - a wand of mindburst (13)
 V - a wand of digging (5)
Scrolls
 e - 5 scrolls of fog
 n - 5 scrolls of immolation
 v - 2 scrolls of silence
 y - 9 scrolls of teleportation
 K - 3 scrolls of butterflies
 N - 2 scrolls of fear
 P - 2 scrolls of poison
 S - 2 scrolls of enchant weapon
 T - 3 scrolls of brand weapon
 W - 2 scrolls of magic mapping
Potions
 b - 2 potions of magic
 k - 10 potions of curing
 m - 3 potions of ambrosia
 q - 7 potions of flight
 w - 7 potions of mutation
 x - 7 potions of haste
 z - 4 potions of cancellation
 C - 8 potions of brilliance
 E - a potion of invisibility
 J - 2 potions of resistance
 O - 6 potions of might
 Q - 3 potions of berserk rage
Miscellaneous
 j - a lightning rod (4/4)
 s - a phantom mirror
 u - a box of beasts (inert)
 G - a phial of floods


   Skills:
 + Level 9.9 Fighting
 - Level 1.0 Staves
 - Level 10.5 Dodging
 - Level 4.8 Stealth
 * Level 9.6 Shields
 + Level 13.4 Spellcasting
 - Level 11.5 Conjurations
 - Level 7.6 Hexes
 * Level 8.6 Transmutations
 - Level 15.1 Fire Magic
 - Level 11.2 Air Magic
 * Level 8.6 Earth Magic
 + Level 4.4 Invocations
 - Level 11.0 Evocations


You had 11 spell levels left.
You knew the following spells:

 Your Spells              Type           Power      Damage    Failure   Level
a - Statue Form           Tmut/Erth      54%        N/A       26%         6
b - Summon Lightning Spi  Summ/Air       86%        N/A       6%          4
c - Swiftness             Air            100%       N/A       1%          3
d - Tukima's Dance        Hex            76%        N/A       1%          3
f - Airstrike             Air            56%        2d(9-25)  1%          4
g - Fireball              Conj/Fire      49%        3d19      1%          5
h - Plasma Beam           Fire/Air       60%        2x1d83    4%          6

Your spell library contained the following spells:

 Spells                   Type           Power      Damage    Failure   Level
 Foxfire                  Conj/Fire      100%       2x1d9     1%          1
 Shock                    Conj/Air       100%       1d9       1%          1
 Slow                     Hex            100%       N/A       1%          1
 Sting                    Tmut/Pois      100%       1d8       1%          1
 Poisonous Vapours        Pois/Air       100%       N/A       1%          2
 Static Discharge         Conj/Air       100%       2-7/arc   1%          2
 Confusing Touch          Hex            76%        N/A       1%          3
 Stone Arrow              Conj/Erth      100%       3d13      1%          3
 Leda's Liquefaction      Hex/Erth       39%        N/A       2%          4
 Portal Projectile        Hex/Tloc       100%       N/A       3%          3
 Starburst                Conj/Fire      49%        6d13      3%          6
 Blade Hands              Tmut           40%        N/A       4%          5
 Lee's Rapid Deconstruct  Erth           40%        3d20*     4%          5
 Yara's Violent Unravell  Hex/Tmut       39%        3d16      6%          5
 Lesser Beckoning         Tloc           58%        N/A       9%          2
 Animate Armour           Summ/Erth      100%       N/A       10%         4
 Call Canine Familiar     Summ           29%        N/A       19%         3
 Gell's Gravitas          Tloc           29%        N/A       19%         3
 Ozocubu's Armour         Ice            29%        N/A       19%         3
 Teleport Other           Tloc           29%        N/A       19%         3
 Vampiric Draining        Necr           29%        2d8       19%         3
 Olgreb's Toxic Radiance  Pois           29%        N/A       52%         4
 Passage of Golubria      Tloc           29%        N/A       52%         4
 Lehudib's Crystal Spear  Conj/Erth      43%        10d11     99%         8
 Ozocubu's Refrigeration  Ice            14%        4d10      100%        7


Dungeon Overview and Level Annotations

Branches:
Dungeon (15/15)            Temple (1/1) D:6            Lair (5/5) D:8
 Shoals (4/4) Lair:2       Spider (1/4) Lair:2        Slime (0/5) Lair:4
    Orc (2/2) D:12            Elf (0/3) Orc:2        Vaults (0/5) D:14
 Depths (0/4) D:15        Volcano (visited)

Altars:
Ashenzari
Cheibriados
Dithmenos
Elyvilon
Fedhas
Gozag
Hepliaklqana
Kikubaaqudgha
Makhleb
Nemelex Xobeh
Okawaru
Qazlal
Ru
Sif Muna
Trog
Uskayaw
Vehumet
Wu Jian
Xom
Yredelemnul
Zin
The Shining One
Jiyva
Lugonu

Shops:
D:7 :!   D:8 [   D:12 =   D:13 ?   Orc:1 !   Orc:2 (*=?

Portals:
Abyss: Shoals:1
Pandemonium: Orc:2

Annotations:
Lair:5 1 runed translucent door, samgaumpmail's ghost, journeyman FoHu


Message History

Press: ? - help, Dir - look around, f - activate You feel a strong surge of power!
The bolt of lightning hits the spark wasp.
The spark wasp completely resists.
The spark wasp is lightly wounded.
Synnove avoids your attack.
The bolt of lightning hits the torpor snail!!
The torpor snail is heavily wounded.
The fiery plasma hits the spark wasp!!
The spark wasp is heavily wounded.
Synnove avoids your attack.
The fiery plasma hits the torpor snail!!!
You kill the torpor snail!
You feel yourself speed up.
Synnove is no longer moving slowly.
The spark wasp stings you!
* * * LOW HITPOINT WARNING * * *
The spark wasp shocks you. You resist.
* * * LOW HITPOINT WARNING * * *
You block the spark wasp's attack.
Synnove barely misses the spark wasp.
Synnove hits the plant with a +0 broad axe of flaming.
Synnove burns the plant.
You feel much better. The spark wasp stings you! The spark wasp shocks you.
You resist. The spark wasp stings you!!
* * * LOW HITPOINT WARNING * * *
The spark wasp shocks you. You resist.
* * * LOW HITPOINT WARNING * * *
The redback barely misses Synnove.
You fade into invisibility!
Synnove closely misses the spark wasp.
Synnove hits the plant with a +0 broad axe of flaming!
Synnove burns the plant.
Synnove hits the redback with a +0 broad axe of flaming!
Synnove burns the redback.
The spark wasp completely misses you.
Synnove blocks the redback's attack.
You block the spark wasp's attack.
A nearby plant withers and dies.
You block the spark wasp's attack.
You feel better. The spark wasp stings you!!
You die...

.................# ##.......####
.÷...............# ##......####
....###.##.....(.# #.....##.##
....# #####......### ##..........
....## #........# #P....###...
.....# #......### #P....#.....
..#.P# #......## ##..........
#.#.## #.......#####....#.....
##...# ##...R.@..........#.....
##..#####..###y#.#........#.....
#P.........########.............
##...[......# ##.>...........
#.........## #..<...........
##.........### ##........#####
#....##.#..#.######.............
###...#†.#....#...#..............
.................................


You could see the friendly Synnove the knight and a spark wasp (unable to see
you, ally target).

Vanquished Creatures
  Rupert (Lair:2)
  Frances (D:13)
  The ghost of KennySheep the Tortoise, an adept DjCj of Makhleb (Shoals:4)
  Kirke (D:13)
  An ettin (D:14)
  2 dire elephants
  6 merfolk javelineers
  10 merfolk impalers
  A fire dragon (Lair:5)
  Josephine (D:11)
  The ghost of Plog the Thaumaturge, a journeyman DECj of Dithmenos (D:14)
  7 hydras
  Erolcha (D:11)
  An ogre mage (D:14)
  8 merfolk avatars
  4 boulder beetles
  6 merfolk aquamancers
  A death knight (D:14)
  5 centaur warriors
  2 demonspawn (Orc:2)
  4 two-headed ogres
  8 tengu warriors
  2 satyrs
  Urug (Orc:1)
  10 death yaks
  4 orc high priests
  A sun demon (Orc:2)
  4 skeletal warriors
  A pharaoh ant (Lair:2)
  6 skysharks
  15 sea snakes
  A swamp dragon (Lair:5)
  3 lindwurms
  7 orc knights
  2 steelbarb worms (Lair:2)
  A large abomination (Shoals:1)
  11 harpies
  9 orc sorcerers
  A shining eye (Shoals:1)
  3 deep elf pyromancers
  3 wolf spiders
  A faun (shapeshifter) (D:13)
  11 fauns
  9 cyclopes
  17 manticores
  7 ugly things
  6 merfolk sirens
  A salamander (D:15)
  5 elephants (Lair:4)
  6 black mambas
  2 demonic crawlers (Lair:2)
  8 water nymphs
  2 molten gargoyles (Volcano)
  2 gargoyles
  3 apocalypse crabs
  An orange demon (Orc:2)
  2 torpor snails (Lair:2)
  8 cane toads
  3 centaur skeletons (D:14)
  3 rime drakes
  3 efreet
  3 kobold demonologists
  12 komodo dragons
  4 freezing wraiths
  2 anaconda simulacra (Lair:1)
  4 tengu conjurers
  3 trolls
  An ancient zyme (Shoals:1)
  A merfolk (shapeshifter) (D:15)
  A meliai (D:13)
  10 polar bears (Lair:5)
  A hornet (D:8)
  31 merfolk
  2 tarantellas (Lair:2)
  3 raiju (Lair:5)
  9 wind drakes
  6 dream sheep
  11 slime creatures
  6 snapping turtles
  5 wraiths
  A culicivora (Lair:2)
  4 wyverns
  8 water elementals
  2 jumping spiders (Lair:2)
  3 hogs (D:13)
  A shadow (D:11)
  5 basilisks
  8 redbacks
  20 yaks
  2 fire elementals (Volcano)
  A chaos spawn (Shoals:1)
  3 neqoxecs
  15 vampire mosquitoes
  2 steam dragons
  5 wargs
  A hydra simulacrum (Lair:1)
  An acid dragon (D:10)
  5 water moccasins
  12 hell hounds (Lair:5)
  5 swamp drakes (Lair:5)
  24 orc warriors
  2 sky beasts (D:8)
  A black bear (shapeshifter) (D:14)
  13 black bears
  24 wolves
  A boggart (D:14)
  8 ogres
  6 centaurs
  2 phantoms (D:4)
  7 kobold brigands
  14 bullfrogs
  A scorpion (D:5)
  2 earth elementals (Volcano)
  4 wights
  6 killer bees (D:9)
  An elephant simulacrum (Lair:1)
  9 electric eels
  11 howler monkeys
  A rime drake simulacrum (Lair:1)
  3 hounds
  3 jellies
  23 orc priests
  A water moccasin simulacrum (Lair:1)
  2 gnoll boudas (D:8)
  3 sleepcaps
  Jessica (D:2)
  2 iguanas
  Natasha (thrice) (D:2)
  13 orc wizards
  2 hell rats (Lair:4)
  A yak simulacrum (Lair:1)
  A boggart skeleton (D:14)
  6 gnolls
  4 adders
  3 river rats (Lair:4)
  A shadow imp (D:6)
  10 white imps
  5 worms
  A dart slug (D:1)
  47 orcs
  4 bats
  14 endoplasms
  3 giant cockroaches
  A goblin (D:3)
  4 hobgoblins
  2 jackals (D:2)
  21 kobolds
  4 quokkas
  4 ball pythons
  2 frilled lizards
  4 rats
  3 fire vortices (Volcano)
815 creatures vanquished.

Vanquished Creatures (collateral kills)
  4 merfolk impalers
  Erica (D:10)
  A catoblepas (Lair:2)
  3 two-headed ogres
  A tengu warrior (D:14)
  A sixfirhy (Orc:2)
  A skyshark (Lair:2)
  A sea snake (Shoals:2)
  A lindwurm (Lair:1)
  A faun (Shoals:3)
  An ugly thing (D:14)
  3 manticores
  An elephant (Lair:4)
  A toenail golem (Volcano)
  2 merfolk sirens
  A water nymph (Shoals:1)
  A molten gargoyle (Volcano)
  A gargoyle (D:12)
  2 komodo dragons
  A rime drake (Lair:5)
  An efreet (Volcano)
  6 merfolk
  A troll (D:10)
  A wind drake (Shoals:3)
  A hornet (D:9)
  A jumping spider (Spider:1)
  7 slime creatures
  Sigmund (D:2)
  8 yaks
  A wraith (D:11)
  2 fire elementals (Volcano)
  4 water elementals
  A hog (D:13)
  A basilisk (Lair:5)
  A steam dragon (D:8)
  3 redbacks
  A vampire mosquito (D:12)
  2 hell hounds (Lair:5)
  3 water moccasins
  2 ice beasts
  3 orc warriors
  A black bear (Lair:5)
  A centaur (D:6)
  3 wolves
  An ogre (D:5)
  A phantom (D:5)
  2 kobold brigands (D:12)
  2 bullfrogs
  A scorpion (D:4)
  2 wights (D:9)
  2 killer bees (D:9)
  3 howler monkeys
  A gnoll bouda (D:7)
  5 orc priests
  An iguana (D:4)
  5 orc wizards
  A gnoll (D:7)
  3 river rats (Lair:4)
  3 white imps (D:13)
  13 orcs
  3 kobolds
  A rat (Lair:4)
135 creatures vanquished.

Vanquished Creatures (others)
  A human (D:13)
  3 dancing weapons
  7 knights
  An ancestor (D:5)
  A white imp (D:13)
  32 fungi
  77 plants
122 creatures vanquished.

Grand Total: 1072 creatures vanquished

Notes
Turn   | Place    | Note
-------+----------+-------------------------------------------
     0 | D:1      | LustLizard the Deep Elf Air Elementalist began the quest
                  | for the Orb.
     0 | D:1      | Reached XP level 1. HP: 10/10 MP: 6/6
   264 | D:1      | Reached XP level 2. HP: 15/15 MP: 6/8
   267 | D:1      | Learned a level 2 spell: Static Discharge
  1328 | D:2      | Noticed Jessica
  1389 | D:2      | Noticed Sigmund
  1481 | D:2      | Reached XP level 3. HP: 8/20 MP: 3/9
  1707 | D:2      | Noticed Natasha
  1714 | D:2      | Killed Natasha
  1881 | D:2      | Reached XP level 4. HP: 24/24 MP: 8/11
  2524 | D:3      | Learned a level 3 spell: Swiftness
  2528 | D:3      | Learned a level 3 spell: Tukima's Dance
  2546 | D:3      | Reached skill level 1 in Fighting
  3127 | D:3      | Found a hazy altar of Hepliaklqana.
  3131 | D:3      | Became a worshipper of Hepliaklqana the Forgotten
  3716 | D:4      | Learned a level 1 spell: Foxfire
  3741 | D:4      | Found a shimmering blue altar of Sif Muna.
  3902 | D:4      | Found a bloodstained altar of Trog.
  3937 | D:4      | Noticed a scorpion
  4181 | D:4      | Reached XP level 5. HP: 29/29 MP: 7/12
  4632 | D:4      | Found a glowing silver altar of Zin.
  4632 | D:4      | Noticed an angel
  4814 | D:5      | Entered Level 5 of the Dungeon
  4814 | D:5      | Reached * piety under Hepliaklqana
  4816 | D:5      | Reached skill level 1 in Hexes
  4988 | D:2      | Killed Jessica
  5054 | D:2      | Noticed Natasha
  5061 | D:2      | Killed Natasha
  5062 | D:2      | Reached skill level 1 in Evocations
  5082 | D:2      | Noticed Natasha
  5088 | D:2      | Killed Natasha
  5089 | D:2      | Reached XP level 6. HP: 30/30 MP: 8/14
  5147 | D:2      | Killed Sigmund
  5448 | D:5      | Reached XP level 7. HP: 31/35 MP: 10/15
  5866 | D:5      | Learned a level 4 spell: Airstrike
  6004 | D:5      | Reached skill level 5 in Air Magic
  6069 | D:5      | Reached skill level 1 in Fire Magic
  6092 | D:5      | Found an iron altar of Okawaru.
  6147 | D:5      | Found an ancient bone altar of Kikubaaqudgha.
  6240 | D:5      | Reached skill level 5 in Spellcasting
  6294 | D:5      | Reached XP level 8. HP: 39/39 MP: 8/17
  6823 | D:6      | Reached skill level 5 in Conjurations
  6823 | D:6      | Reached skill level 2 in Fire Magic
  6898 | D:6      | Identified the +0 ring mail of the Orb Guardian {Rampage
                  | Stlth+}
  7007 | D:6      | Found a staircase to the Ecumenical Temple.
  7236 | D:6      | Found a white marble altar of Elyvilon.
  7303 | Temple   | Entered the Ecumenical Temple
  7492 | D:6      | Reached ** piety under Hepliaklqana
  7493 | D:6      | Remembered your ancestor Synnove as a knight
  7945 | D:4      | Reached skill level 3 in Fire Magic
  8319 | D:7      | Found a blossoming altar of Fedhas.
  8389 | D:7      | Found Kainoittet's Book Boutique.
  8426 | D:7      | Reached XP level 9. HP: 44/44 MP: 15/19
  8507 | D:7      | Found Iqutet's Distillery.
  8700 | D:7      | Reached skill level 4 in Fire Magic
  9471 | D:7      | Found an opulent altar of Gozag.
  9671 | D:7      | Identified the +0 chain mail of the Cockroach {Will+}
  9947 | D:8      | Found Apeot's Antique Armour Boutique.
  9952 | D:8      | Bought an encrusted leather armour for 224 gold pieces
  9952 | D:8      | Identified the +1 leather armour "Dec Ihy" {Dex+3} (You
                  | bought it in a shop on level 8 of the Dungeon)
  9973 | D:8      | Found a staircase to the Lair.
 10642 | D:8      | Reached skill level 5 in Fire Magic
 10718 | D:8      | Found a sparkling altar of Nemelex Xobeh.
 11294 | D:8      | Noticed a two-headed ogre
 11294 | D:8      | Noticed a two-headed ogre
 11358 | D:8      | Killed a two-headed ogre
 11359 | D:8      | Reached skill level 6 in Fire Magic
 11406 | D:8      | Reached XP level 10. HP: 50/50 MP: 1/22
 11635 | D:8      | Killed a two-headed ogre
 11636 | D:8      | Reached skill level 5 in Evocations
 12013 | D:8      | Found a runed translucent door.
 12040 | D:8      | Noticed a centaur warrior
 12040 | D:8      | Noticed a boulder beetle
 12042 | D:8      | Noticed a tengu warrior
 12324 | D:9      | Identified the +8 sling of Sunlight {heavy, rElec Will+
                  | Int+2 Dex+3}
 12325 | D:9      | Found a glowing golden altar of the Shining One.
 12355 | D:9      | Reached skill level 7 in Fire Magic
 12583 | D:9      | Reached *** piety under Hepliaklqana
 13524 | D:9      | Learned a level 5 spell: Fireball
 13541 | D:10     | Entered Level 10 of the Dungeon
 13772 | D:10     | Noticed Erica
 13807 | D:10     | Killed Erica
 14373 | D:10     | Found a hide-covered altar of Uskayaw.
 14405 | D:10     | Noticed a +0 dagger
 14405 | D:10     | Noticed a +0 dagger
 14892 | D:11     | Noticed a cyclops
 14895 | D:11     | Killed a cyclops
 14896 | D:11     | Reached skill level 8 in Fire Magic
 14896 | D:11     | Reached XP level 11. HP: 34/55 MP: 12/25
 15164 | D:11     | Noticed Erolcha
 15169 | D:11     | Killed Erolcha
 15281 | D:11     | Reached **** piety under Hepliaklqana
 15418 | D:11     | Noticed a two-headed ogre
 15466 | D:11     | Killed a two-headed ogre
 15719 | D:11     | Noticed Josephine
 15728 | D:11     | Reached skill level 5 in Hexes
 15728 | D:11     | Killed Josephine
 15729 | D:11     | Reached skill level 5 in Fighting
 17169 | D:11     | Reached skill level 10 in Conjurations
 17286 | D:12     | Found Voenn's Jewellery Shoppe.
 17405 | D:12     | Reached skill level 9 in Fire Magic
 17436 | D:12     | Reached skill level 1 in Shields
 17547 | D:12     | Found a staircase to the Orcish Mines.
 17613 | D:12     | Found a gate leading to a gauntlet.
 17616 | D:12     | You fall into a shaft and drop 2 floors!
 17637 | D:14     | Noticed a cyan ugly thing
 17637 | D:14     | Noticed a cyan ugly thing
 17638 | D:14     | Noticed a cyan ugly thing
 17678 | D:14     | Killed a brown ugly thing
 17748 | D:13     | Noticed Kirke
 17748 | D:13     | Found Qikyofaa's Magic Scroll Shop.
 17793 | D:12     | Noticed a two-headed ogre
 17798 | D:12     | Killed a two-headed ogre
 18011 | D:12     | Reached XP level 12. HP: 61/61 MP: 18/27
 18704 | Lair:1   | Entered Level 1 of the Lair of Beasts
 18710 | Lair:1   | Identified the +3 mace of Peesmappie {heavy, rF+++ rC-
                  | Int+3}
 18808 | Lair:1   | Found a dark tunnel.
 18813 | Lair:1   | Reached skill level 5 in Dodging
 18858 | Volcano  | Entered a volcano
 19943 | Lair:1   | Reached skill level 10 in Fire Magic
 19948 | Lair:1   | Noticed a boulder beetle
 19959 | Lair:1   | Killed a boulder beetle
 20147 | Lair:1   | Found a transporter.
 20218 | Lair:1   | Reached ***** piety under Hepliaklqana
 20445 | Lair:1   | Found a transporter.
 20518 | Lair:1   | You fall into a shaft and drop 1 floor!
 20559 | Lair:2   | Noticed a death yak
 20738 | Lair:2   | Noticed a catoblepas
 20760 | Lair:2   | Killed a catoblepas
 20761 | Lair:2   | Reached skill level 10 in Spellcasting
 21132 | Lair:2   | Found a hole to the Spider Nest.
 21244 | Lair:2   | Reached XP level 13. HP: 66/66 MP: 1/29
 21954 | Lair:1   | Identified the amulet "Diodijue" {Rampage Regen+}
 22095 | Lair:1   | Identified 2 scrolls of acquirement
 22095 | Lair:1   | Acquired the staff of air "Piymp" {rElec Str+4 Int+3}
 22103 | Lair:1   | Acquired the +1 buckler of the Sacrificial Victim {Int+3}
 22125 | Lair:1   | Learned a level 6 spell: Plasma Beam
 22128 | Lair:2   | HP: 1/66 [six-headed hydra (13)]
 22704 | Lair:2   | Reached skill level 11 in Fire Magic
 22812 | Lair:2   | Found a staircase to the Shoals.
 22954 | Lair:2   | Identified the +8 ring mail of the Hills {rF+}
 24084 | Lair:4   | Found a viscous altar of Jiyva.
 24084 | Lair:4   | Found a staircase to the Slime Pits.
 24982 | Lair:5   | Entered Level 5 of the Lair of Beasts
 25054 | Lair:5   | Reached skill level 12 in Fire Magic
 25346 | Lair:5   | Reached XP level 14. HP: 50/72 MP: 10/30
 25485 | Lair:5   | Found a runed translucent door.
 25486 | Lair:5   | Noticed samgaumpmail's ghost (journeyman FoHu)
 25487 | Lair:5   | Identified the +9 trident of Blind Justice {holy, Will-
                  | rCorr Str+4}
 25580 | Lair:5   | Reached skill level 5 in Shields
 25990 | Lair:5   | Reached skill level 13 in Fire Magic
 26153 | Lair:5   | Reached skill level 10 in Air Magic
 26609 | Lair:5   | Reached ****** piety under Hepliaklqana
 27495 | Lair:5   | Identified the +7 flail of Wrongful Imprisonment {spect,
                  | MP+9 Str+3 Int+2}
 28261 | D:13     | Killed Kirke
 28262 | D:13     | Reached skill level 10 in Evocations
 28438 | D:13     | Noticed Frances
 28440 | D:13     | Reached XP level 15. HP: 70/79 MP: 11/31
 28600 | Orc:1    | Entered Level 1 of the Orcish Mines
 28667 | Orc:1    | Noticed Urug
 28670 | Orc:1    | Killed Urug
 28671 | Orc:1    | Reached skill level 14 in Fire Magic
 28758 | Orc:1    | Found Feaxist's Distillery.
 28843 | Orc:2    | Entered Level 2 of the Orcish Mines
 28955 | Orc:2    | Found a staircase to the Elven Halls.
 29819 | Orc:2    | Found Icokhusch's General Store.
 29822 | Orc:2    | Found Ucucuffi's Magic Scroll Shoppe.
 29870 | Orc:2    | Bought a scroll of identify for 34 gold pieces
 29870 | Orc:2    | Bought a scroll of identify for 34 gold pieces
 29877 | Orc:2    | Bought a scroll of teleportation for 39 gold pieces
 29877 | Orc:2    | Bought a scroll of teleportation for 39 gold pieces
 30359 | Orc:2    | Found Kuunt's Antique Weapon Boutique.
 30359 | Orc:2    | Found Hats's Jewellery Shop.
 30362 | Orc:2    | Reached skill level 10 in Dodging
 30389 | Orc:2    | Found a one-way gate leading to the halls of Pandemonium.
 30403 | Orc:2    | Bought the ring "Hooklil" {+Blink rF+ AC+4 Int+4 Dex+2} for
                  | 974 gold pieces
 30935 | D:8      | Bought a shiny helmet for 240 gold pieces
 31090 | D:13     | Killed Frances
 32315 | D:14     | Found a runed translucent door.
 32398 | D:14     | Noticed Plog's ghost (journeyman DECj)
 32477 | D:14     | Reached skill level 15 in Fire Magic
 32828 | D:14     | Found a gate to the Vaults.
 32887 | D:14     | Learned a level 6 spell: Statue Form
 32924 | D:14     | Reached skill level 1 in Staves
 32999 | D:14     | Killed Plog's ghost
 33000 | D:14     | Reached XP level 16. HP: 84/84 MP: 16/33
 33032 | D:14     | Identified the staff of death "Kahaum" {rN+ Will+ Str+2}
 33069 | D:15     | Entered Level 15 of the Dungeon
 33072 | D:15     | Reached skill level 1 in Transmutations
 33072 | D:15     | Reached skill level 1 in Earth Magic
 33137 | D:15     | Found a staircase to the Depths.
 33932 | Shoals:1 | Entered Level 1 of the Shoals
 34194 | Lair:2   | HP: 4/85 [something (3)]
 34581 | Shoals:1 | Found a runed translucent door.
 34586 | Shoals:1 | Found a corrupted altar of Lugonu.
 35110 | Shoals:1 | Found a one-way gate to the infinite horrors of the Abyss.
 35251 | Shoals:2 | Reached skill level 5 in Transmutations
 35251 | Shoals:2 | Reached skill level 5 in Earth Magic
 35600 | Shoals:2 | Reached skill level 1 in Invocations
 36343 | Shoals:3 | Reached XP level 17. HP: 90/90 MP: 23/35
 36429 | Shoals:3 | Learned a level 4 spell: Summon Lightning Spire
 37562 | D:13     | Bought a scroll of acquirement for 832 gold pieces
 37562 | D:13     | Acquired the +2 pair of gloves "Cullol" {rF+ Str+3 Int-5
                  | Dex+3}
 37832 | Shoals:4 | Entered Level 4 of the Shoals
 39183 | Shoals:4 | Identified the staff of fire "Alasheip" {rF+ Int+4}
 39214 | Shoals:4 | Found a runed translucent door.
 39235 | Shoals:4 | Noticed KennySheep's ghost (adept DjCj)
 39266 | Shoals:4 | Killed KennySheep's ghost
 39395 | Shoals:4 | Got a barnacled rune of Zot
 39600 | Shoals:1 | Identified the staff of air "Perhad Xela" {rElec rF+ MP+9
                  | Str+2}
 39665 | Spider:1 | Entered Level 1 of the Spider Nest
 39673 | Spider:1 | Noticed Rupert
 39829 | Lair:2   | HP: 4/90 [wolf spider (4)]
 39854 | Lair:2   | Killed Rupert
 40404 | Lair:2   | HP: 2/90 [spark wasp (4)]
 40410 | Lair:2   | Mangled by a spark wasp

Illustrated notes

Levels and vault maps discovered:
D:1:      reono_arrival_mine, layout_basic
D:2:      layout_loops_corners, uniq_natasha, uniq_jessica, uniq_sigmund
D:3:      layout_basic, nzn_hepliaklqana_mist_gate
D:4:      layout_loops_ring, trog_three_pillars_becter, lemuel_blue_sif_altar,
          zin_angel
D:5:      layout_layer_cave, mainiacjoe_overflow_cross_hatched,
          mainiacjoe_overflow_small_starburst, nicolae_fountain_basement
D:6:      layout_basic, mainiacjoe_overflow_chevrons, minmay_temple_entry_ruins
D:7:      wad_lake_hut, layout_loops_corners, lemuel_tele_altar,
          nicolae_gozag_seed_capital, serial_shops, nicolae_inconvenience_store,
          nicolae_take_the_stairs
D:8:      minmay_chambers_of_fours, layout_cave_pods,
          nemelex_xobeh_ov_fountains_minmay, dpeg_oklobed_lair, serial_shops,
          nicolae_shop_stone, wad_hexagon
D:9:      layout_loops_ring, tso_oasis_becter, kennysheep_generic_room_4
D:10:     layout_loops_ring, dancing_weapons_uskayaw, uniq_erica
D:11:     layout_basic, uniq_josephine, uniq_erolcha
D:12:     layout_irregular_city, orc_0_dummy, serial_shops,
          nicolae_diamond_shop, gauntlet_entry_generic
D:13:     layout_cross, portal_ice_cave_entry_imps, nicolae_stop_n_shop_2,
          minmay_fractal_squares_diagonal_5, uniq_frances, uniq_kirke
D:14:     layout_basic, hangedman_vaults_entry_quadrant_bands,
          wad_floor_pattern_2, ebering_ghost_reflecting_pool,
          kennysheep_four_rooms
D:15:     hangedman_depths_entry_try_elsewhere_first, layout_rooms,
          bh_walls_and_bars
Temple:   chequers_temple_sunken
Lair:1:   gammafunk_cloud_chamber, layout_regular_city,
          nicolae_volcano_entry_vermiform, serial_bayou_pond_a,
          nzn_sisyphean_effort
Lair:2:   layout_chaotic_city, elwin_shoals_entry_stream,
          nicolae_spider_entry_lesser_pyramids
Lair:3:   layout_roguey
Lair:4:   layout_regular_city, nicolae_slime_entry_slimehenge,
          kennysheep_rathole, grunt_megastairs_2
Lair:5:   guppyfry_lair_end_dragon, layout_hall_layers,
          hangedman_lair_caniforms_friends, ebering_ghost_funeral_grove,
          pdpol_lair_cavern_descent
Shoals:1: layout_shoals, nicolae_shoals_abyss_on_the_beach
Shoals:2: layout_shoals
Shoals:3: layout_shoals, st_sunken_temple
Shoals:4: shoals_end_simple, layout_shoals, ebering_ghost_reflecting_pool
Spider:1: layout_spider_delve, gammafunk_ghost_cemetery, uniq_rupert
Orc:1:    layout_caves, serial_shops, shop, uniq_urug
Orc:2:    pf_orc_diabolical, layout_diamond_mine

Skill      XL: |  1  2  3  4  5  6  7  8  9 10 11 12 13 14 15 16 17 |
---------------+----------------------------------------------------+-----
Conjurations   | 2 3 4 6 7 9 10 11 | 11.5
Stealth        | 3 4 |  4.8
Fighting       | 1 2 3 4 5 6 7 8 9 |  9.9
Hexes          | 1 2 3 4 6 7 |  7.6
Air Magic      | 4 5 6 7 8 9 10 11 | 11.2
Spellcasting   | 4 5 7 8 9 10 11 12 13 | 13.4
Evocations     | 1 2 3 4 5 6 7 8 10 11 | 11.0
Fire Magic     | 1 3 6 8 9 10 12 13 15 | 15.1
Dodging        | 3 4 6 7 9 10 | 10.5
Shields        | 1 3 4 5 6 8 9 |  9.6
Staves         | 1 |  1.0
Transmutations | 6 8 |  8.6
Earth Magic    | 6 8 |  8.6
Invocations    | 2 4 |  4.4

Action                     |  1- 3 |  4- 6 |  7- 9 | 10-12 | 13-15 | 16-18 || total
---------------------------+-------+-------+-------+-------+-------+-------++-------
  Melee: Staff             |       |       |     3 |    24 |    84 |    27 ||   138
         Mace              |       |       |       |    11 |       |       ||    11
   Cast: Shock             |    68 |   112 |   169 |   275 |     4 |       ||   628
         Static Discharge  |     2 |     3 |    13 |     9 |       |       ||    27
         Tukima's Dance    |       |       |     7 |    18 |     2 |       ||    27
         Swiftness         |       |       |     1 |     2 |     2 |       ||     5
         Airstrike         |       |       |    29 |   122 |   135 |     2 ||   288
         Fireball          |       |       |       |    29 |    30 |     9 ||    68
         Plasma Beam       |       |       |       |       |   291 |   249 ||   540
 Invoke: Recall Ancestor   |       |     1 |     2 |     5 |     8 |    14 ||    30
         Ancestor Life: Kn |       |       |     1 |       |       |       ||     1
Ability: Evoke Blink       |       |       |       |       |       |     3 ||     3
  Evoke: Wand              |       |       |       |     4 |     3 |     3 ||    10
         Box of beasts     |       |       |       |       |       |     1 ||     1
    Use: Scroll            |     2 |     3 |     8 |     7 |    22 |     7 ||    49
         Potion            |       |       |       |     1 |     1 |    23 ||    25
   Stab: Distracted        |       |       |       |       |     1 |       ||     1
 Armour: Robe              |    12 |     2 |     6 |    16 |    48 |    59 ||   143
         Leather armour    |       |       |     3 |       |       |       ||     3
  Dodge: Dodged            |    37 |     3 |    29 |    37 |   138 |   183 ||   427
  Block: Buckler           |       |       |       |    15 |    55 |    53 ||   123
         Kite shield       |       |       |       |       |       |    62 ||    62

Table legend: (Time is in decaauts)
 A = Elapsed time spent in this place.
 B = Non-inter-level travel time spent in this place.
 C = Inter-level travel time spent in this place.
 D = Time resting spent in this place.
 E = Time spent auto-exploring this place.
 F = Levels seen in this place.
 G = Mean time per level.
                   A        B        C        D        E       F      G
               +--------+--------+--------+--------+--------+-----+--------+
         Total |  40918 |  37164 |   3754 |   3745 |  27798 |  29 | 1411.0 |
       Dungeon |  23128 |  20629 |   2499 |   1700 |  16035 |  15 | 1541.9 |
        Temple |    125 |    123 |      2 |      0 |    114 |   1 |  125.0 |
          Lair |   9621 |   8948 |    673 |   1220 |   6294 |   5 | 1924.2 |
        Shoals |   5034 |   4612 |    422 |    397 |   3423 |   4 | 1258.5 |
   Spider Nest |     20 |     20 |      0 |      0 |      0 |   1 |   20.0 |
  Orcish Mines |   2146 |   1990 |    156 |    187 |   1509 |   2 | 1073.0 |
       Volcano |    841 |    841 |      0 |    241 |    421 |   1 |  841.0 |
               +--------+--------+--------+--------+--------+-----+--------+

Top non-repeatable levels by time:
  Lair:2: 2722 daAuts
    D:11: 2598 daAuts
  Lair:5: 2560 daAuts
     D:8: 2514 daAuts
  Lair:1: 2380 daAuts
Shoals:3: 2244 daAuts
    D:12: 2039 daAuts
     D:4: 1935 daAuts
     D:7: 1829 daAuts
     D:9: 1728 daAuts
   Orc:2: 1714 daAuts
     D:2: 1701 daAuts
    D:14: 1631 daAuts
    D:10: 1461 daAuts
     D:5: 1309 daAuts
